[ AOE2 MATCH · #507062268 ]
UnrankedByzantines vs Poles
[ REPLAY ANALYSIS · EXTRACTED FROM THE RECORDED GAME ]
Feudal
10:56
Castle
14:33
Imperial
20:04
| APM avg | 28.5 |
| APM peak | 80 |
| eAPM avg | 16.7 |
| Villagers / military | 61 / 8 |
Focus
⚔️ 31.3% · 🌾 68.7%
Mangonel ×4 · Cataphract ×2 · Petard ×1 · Trebuchet (Packed) ×1
Feudal
11:09
Castle
14:41
Imperial
29:37
| APM avg | 52.0 |
| APM peak | 137 |
| eAPM avg | 42.0 |
| Villagers / military | 198 / 590 |
Focus
⚔️ 37.0% · 🌾 63.0%
Spearman ×421 · Huskarl ×148 · Trebuchet (Packed) ×19 · Monk ×2
Feudal
10:59
Castle
14:42
Imperial
36:07
| APM avg | 40.4 |
| APM peak | 96 |
| eAPM avg | 21.2 |
| Villagers / military | 138 / 328 |
Focus
⚔️ 27.4% · 🌾 72.6%
Scout Cavalry ×230 · Knight ×41 · Obuch ×22 · Skirmisher ×20 · Battering Ram ×8 · Petard ×5
Feudal
10:56
Castle
14:36
Imperial
28:45
| APM avg | 42.3 |
| APM peak | 86 |
| eAPM avg | 21.0 |
| Villagers / military | 183 / 215 |
Focus
⚔️ 26.0% · 🌾 74.0%
Mangudai ×141 · Scout Cavalry ×69 · Militia ×5 · Trade Cart ×2
Feudal
10:57
Castle
14:29
Imperial
27:28
| APM avg | 39.2 |
| APM peak | 77 |
| eAPM avg | 28.4 |
| Villagers / military | 188 / 192 |
Focus
⚔️ 33.8% · 🌾 66.2%
Fire Lancer ×121 · Skirmisher ×66 · Rattan Archer ×3 · Militia ×1 · Trebuchet (Packed) ×1
Feudal
11:21
Castle
14:55
Imperial
38:40
| APM avg | 30.9 |
| APM peak | 65 |
| eAPM avg | 19.0 |
| Villagers / military | 156 / 158 |
Focus
⚔️ 35.5% · 🌾 64.5%
Woad Raider ×131 · Battering Ram ×27
Feudal
9:17
Castle
14:34
Imperial
29:41
| APM avg | 25.6 |
| APM peak | 56 |
| eAPM avg | 15.6 |
| Villagers / military | 106 / 83 |
Focus
⚔️ 27.0% · 🌾 73.0%
Elephant Archer ×29 · Skirmisher ×22 · Ratha (Ranged) ×20 · Petard ×6 · Armored Elephant ×4 · Mangonel ×2
Feudal
10:36
Castle
14:06
Imperial
33:00
| APM avg | 39.2 |
| APM peak | 67 |
| eAPM avg | 25.4 |
| Villagers / military | 137 / 300 |
Focus
⚔️ 39.1% · 🌾 60.9%
Cavalry Archer ×153 · Knight ×79 · Scout Cavalry ×55 · Trebuchet (Packed) ×9 · Monk ×2 · Petard ×2
Match map
Initial resources + every placement click. Lines = walls · curves = elevation contours. ◆ gold · ⬟ stone · ● berries · ✦ relic · ◌ wall gap
Your base· ✓ Closed at 14:33 · 0t walls · 2 gate(s)
木林's base· ✓ Closed at 14:41 · 0t walls · 2 gate(s)
Lugof's base· ✓ Closed at 14:42 · 0t walls · 2 gate(s)
956887102's base· ✓ Closed at 14:36 · 0t walls · 2 gate(s)
洋洋.'s base· ✓ Closed at 14:29 · 0t walls · 3 gate(s)
paper tiger's base· ✓ Closed at 14:55 · 0t walls · 2 gate(s)
word.exe's base· ✓ Closed at 14:34 · 0t walls · 3 gate(s)
泰酷辣HH's base· ✓ Closed at 14:06 · 2t walls · 2 gate(s)
Smoothed initial terrain · ◌ = detected wall gap · hover for details
Inputs per minute
— 忘忧 - - 木林
Build order — 忘忧
First 150 of 165 actions detected
| 0:01 | Queue | Villager (Male) |
| 0:01 | Queue | Villager (Male) |
| 0:01 | Queue | Villager (Male) |
| 0:02 | Build | House |
| 0:03 | Build | House |
| 0:04 | Queue | Villager (Male) |
| 1:28 | Queue | Villager (Male) |
| 1:46 | Build | Lumber Camp |
| 1:58 | Queue | Villager (Male) |
| 2:17 | Queue | Villager (Male) |
| 2:37 | Queue | Villager (Male) |
| 2:56 | Queue | Villager (Male) |
| 3:17 | Queue | Villager (Male) |
| 3:33 | Build | House |
| 3:39 | Queue | Villager (Male) |
| 4:01 | Build | House |
| 4:18 | Queue | Villager (Male) |
| 4:46 | Queue | Villager (Male) |
| 4:46 | Queue | Villager (Male) |
| 4:52 | Build | Mill |
| 5:12 | Queue | Villager (Male) |
| 5:26 | Queue | Villager (Male) |
| 5:26 | Queue | Villager (Male) |
| 6:19 | Queue | Villager (Male) |
| 6:54 | Queue | Villager (Male) |
| 7:50 | Queue | Villager (Male) |
| 7:55 | Queue | Villager (Male) |
| 8:16 | Build | Farm |
| 8:26 | Build | Mining Camp |
| 8:39 | Research | Feudal Age |
| 8:41 | Build | Mining Camp |
| 8:55 | Build | House |
| 9:27 | Queue | Villager (Male) |
| 9:30 | Research | Loom |
| 9:30 | Queue | Villager (Male) |
| 10:56 | Age | Feudal Age |
| 10:59 | Build | Market |
| 11:02 | Build | Blacksmith |
| 11:53 | Research | Castle Age |
| 12:04 | Build | Farm |
| 14:22 | Build | Farm |
| 14:24 | Build | Farm |
| 14:33 | Age | Castle Age |
| 14:36 | Build | Castle |
| 14:48 | Build | Palisade Wall |
| 15:20 | Build | Palisade Wall |
| 15:25 | Build | House |
| 15:32 | Build | Palisade Wall |
| 15:33 | Build | Palisade Wall |
| 15:39 | Queue | Villager (Male) |
| 16:04 | Build | House |
| 16:06 | Build | Palisade Wall |
| 16:54 | Research | Imperial Age |
| 17:31 | Queue | Cataphract |
| 18:05 | Build | Siege Workshop |
| 18:10 | Queue | Cataphract |
| 18:47 | Build | Lumber Camp |
| 19:02 | Queue | Petard |
| 19:10 | Queue | Mangonel |
| 19:29 | Build | Palisade Wall |
| 19:39 | Build | Palisade Gate |
| 19:58 | Queue | Villager (Male) |
| 20:04 | Age | Imperial Age |
| 20:08 | Queue | Trebuchet (Packed) |
| 20:12 | Build | Stone Wall |
| 20:13 | Build | Stone Wall |
| 21:14 | Queue | Mangonel |
| 21:27 | Queue | Villager (Male) |
| 21:54 | Queue | Villager (Male) |
| 22:05 | Build | Town Center |
| 22:10 | Build | Farm |
| 22:49 | Build | Siege Workshop |
| 23:35 | Queue | Mangonel |
| 24:06 | Queue | Mangonel |
| 25:03 | Build | Stone Wall |
| 25:59 | Build | Town Center |
| 27:02 | Queue | Villager (Male) |
| 27:03 | Queue | Villager (Male) |
| 27:44 | Build | House |
| 27:55 | Build | Farm |
| 28:00 | Build | Farm |
| 28:04 | Build | Farm |
| 28:58 | Build | Stone Wall |
| 29:06 | Build | House |
| 29:09 | Build | House |
| 29:38 | Build | Farm |
| 29:39 | Build | Farm |
| 29:40 | Build | Farm |
| 29:57 | Build | Farm |
| 29:58 | Build | Farm |
| 30:33 | Build | Farm |
| 30:37 | Build | Farm |
| 31:58 | Build | House |
| 32:00 | Build | House |
| 32:22 | Build | Siege Workshop |
| 32:47 | Queue | Villager (Male) |
| 33:00 | Build | Stone Wall |
| 33:01 | Build | Stone Wall |
| 33:14 | Queue | Villager (Male) |
| 33:27 | Build | Mining Camp |
| 33:31 | Build | Stone Wall |
| 33:38 | Build | House |
| 33:42 | Queue | Villager (Male) |
| 33:42 | Queue | Villager (Male) |
| 33:42 | Queue | Villager (Male) |
| 34:11 | Queue | Villager (Male) |
| 34:14 | Queue | Villager (Male) |
| 34:35 | Queue | Villager (Male) |
| 34:54 | Queue | Villager (Male) |
| 35:18 | Queue | Villager (Male) |
| 35:35 | Build | Mining Camp |
| 35:42 | Queue | Villager (Male) |
| 36:03 | Queue | Villager (Male) |
| 36:11 | Queue | Villager (Male) |
| 36:34 | Build | Mining Camp |
| 36:39 | Build | House |
| 36:43 | Build | House |
| 36:59 | Queue | Villager (Male) |
| 37:17 | Build | Market |
| 37:19 | Queue | Villager (Male) |
| 37:40 | Research | Stone Mining |
| 38:40 | Queue | Villager (Male) |
| 38:46 | Build | Town Center |
| 38:53 | Build | Town Center |
| 38:57 | Queue | Villager (Male) |
| 39:10 | Queue | Villager (Male) |
| 39:31 | Build | House |
| 39:45 | Build | Farm |
| 39:45 | Build | Farm |
| 39:46 | Build | Farm |
| 39:47 | Build | Farm |
| 39:48 | Build | Farm |
| 39:48 | Build | Farm |
| 39:51 | Build | Farm |
| 39:54 | Queue | Villager (Male) |
| 39:59 | Build | Town Center |
| 40:53 | Queue | Villager (Male) |
| 40:55 | Queue | Villager (Male) |
| 41:04 | Build | House |
| 41:07 | Build | House |
| 41:10 | Build | House |
| 41:13 | Queue | Villager (Male) |
| 41:16 | Build | Town Center |
| 41:23 | Queue | Villager (Male) |
| 41:38 | Queue | Villager (Male) |
| 41:59 | Queue | Villager (Male) |
| 42:01 | Queue | Villager (Male) |
| 42:01 | Queue | Villager (Male) |
| 42:05 | Build | Farm |
| 42:06 | Build | Farm |
Build order — 木林
First 150 of 965 actions detected
| 0:01 | Queue | Villager (Male) |
| 0:01 | Queue | Villager (Male) |
| 0:02 | Queue | Villager (Male) |
| 0:02 | Queue | Villager (Male) |
| 0:02 | Queue | Villager (Male) |
| 0:04 | Build | House |
| 0:06 | Build | House |
| 1:24 | Queue | Villager (Male) |
| 1:46 | Build | Lumber Camp |
| 2:04 | Queue | Villager (Male) |
| 2:30 | Queue | Villager (Male) |
| 2:30 | Queue | Villager (Male) |
| 3:08 | Queue | Villager (Male) |
| 3:08 | Queue | Villager (Male) |
| 3:31 | Queue | Villager (Male) |
| 3:46 | Queue | Villager (Male) |
| 3:46 | Queue | Villager (Male) |
| 3:49 | Build | House |
| 4:16 | Build | House |
| 4:48 | Queue | Villager (Male) |
| 4:48 | Queue | Villager (Male) |
| 5:09 | Queue | Villager (Male) |
| 5:10 | Queue | Villager (Male) |
| 5:10 | Queue | Villager (Male) |
| 5:10 | Queue | Villager (Male) |
| 5:10 | Queue | Villager (Male) |
| 5:21 | Queue | Villager (Male) |
| 5:21 | Queue | Villager (Male) |
| 5:46 | Queue | Villager (Male) |
| 6:57 | Build | Mill |
| 7:21 | Queue | Villager (Male) |
| 7:22 | Queue | Villager (Male) |
| 8:25 | Build | Mining Camp |
| 8:31 | Queue | Villager (Male) |
| 8:46 | Research | Feudal Age |
| 9:04 | Build | House |
| 9:05 | Build | House |
| 10:24 | Queue | Villager (Male) |
| 10:59 | Queue | Villager (Male) |
| 11:09 | Age | Feudal Age |
| 11:13 | Build | Blacksmith |
| 11:18 | Build | Market |
| 11:48 | Research | Double-Bit Axe |
| 11:49 | Research | Horse Collar |
| 12:01 | Research | Castle Age |
| 12:01 | Research | Castle Age |
| 12:31 | Build | Farm |
| 12:37 | Build | Farm |
| 13:15 | Build | Farm |
| 13:25 | Queue | Villager (Male) |
| 13:27 | Queue | Villager (Male) |
| 13:45 | Build | Farm |
| 14:41 | Age | Castle Age |
| 14:46 | Build | Town Center |
| 14:52 | Build | Town Center |
| 15:04 | Build | Farm |
| 15:05 | Build | Farm |
| 15:37 | Queue | Villager (Male) |
| 15:37 | Queue | Villager (Male) |
| 15:40 | Build | Farm |
| 15:41 | Build | Farm |
| 16:13 | Queue | Villager (Male) |
| 16:13 | Queue | Villager (Male) |
| 16:13 | Queue | Villager (Male) |
| 16:13 | Queue | Villager (Male) |
| 16:14 | Queue | Villager (Male) |
| 16:14 | Queue | Villager (Male) |
| 16:14 | Queue | Villager (Male) |
| 16:14 | Queue | Villager (Male) |
| 16:26 | Build | Farm |
| 16:31 | Build | Farm |
| 16:34 | Build | Farm |
| 16:35 | Queue | Villager (Male) |
| 16:35 | Queue | Villager (Male) |
| 16:50 | Queue | Villager (Male) |
| 16:50 | Queue | Villager (Male) |
| 16:51 | Queue | Villager (Male) |
| 16:51 | Queue | Villager (Male) |
| 16:51 | Queue | Villager (Male) |
| 16:51 | Queue | Villager (Male) |
| 16:51 | Queue | Villager (Male) |
| 16:59 | Build | Farm |
| 17:00 | Build | Farm |
| 17:03 | Queue | Villager (Male) |
| 17:03 | Queue | Villager (Male) |
| 17:08 | Build | Farm |
| 17:08 | Build | Farm |
| 17:10 | Build | Farm |
| 17:15 | Queue | Villager (Male) |
| 17:25 | Build | Farm |
| 17:30 | Build | Farm |
| 17:31 | Queue | Villager (Male) |
| 17:45 | Queue | Villager (Male) |
| 17:45 | Queue | Villager (Male) |
| 17:51 | Build | Farm |
| 17:55 | Build | Farm |
| 17:57 | Queue | Villager (Male) |
| 18:02 | Queue | Villager (Male) |
| 18:02 | Queue | Villager (Male) |
| 18:14 | Queue | Villager (Male) |
| 18:22 | Queue | Villager (Male) |
| 18:23 | Queue | Villager (Male) |
| 18:30 | Build | House |
| 18:31 | Build | House |
| 18:35 | Queue | Villager (Male) |
| 18:48 | Build | Town Center |
| 19:00 | Queue | Villager (Male) |
| 19:01 | Queue | Villager (Male) |
| 19:08 | Build | House |
| 19:09 | Build | House |
| 19:10 | Build | House |
| 19:16 | Build | Monastery |
| 19:18 | Build | House |
| 19:19 | Build | House |
| 19:20 | Build | House |
| 19:24 | Queue | Villager (Male) |
| 19:24 | Queue | Villager (Male) |
| 19:25 | Queue | Villager (Male) |
| 19:25 | Queue | Villager (Male) |
| 19:25 | Queue | Villager (Male) |
| 19:33 | Build | House |
| 19:35 | Queue | Villager (Male) |
| 19:35 | Queue | Villager (Male) |
| 19:39 | Build | Farm |
| 19:40 | Build | Farm |
| 19:41 | Build | Farm |
| 19:56 | Build | Farm |
| 19:57 | Build | Farm |
| 19:58 | Queue | Villager (Male) |
| 19:58 | Queue | Villager (Male) |
| 20:02 | Queue | Villager (Male) |
| 20:02 | Queue | Villager (Male) |
| 20:16 | Queue | Villager (Male) |
| 20:19 | Queue | Villager (Male) |
| 20:23 | Queue | Monk |
| 20:30 | Queue | Villager (Male) |
| 20:31 | Queue | Villager (Male) |
| 20:36 | Queue | Villager (Male) |
| 20:37 | Queue | Villager (Male) |
| 20:37 | Queue | Villager (Male) |
| 20:42 | Build | Farm |
| 20:43 | Build | Farm |
| 20:45 | Build | Farm |
| 20:46 | Queue | Villager (Male) |
| 20:47 | Queue | Villager (Male) |
| 20:50 | Build | Farm |
| 20:52 | Queue | Villager (Male) |
| 20:55 | Build | House |
| 21:08 | Build | University |
| 21:09 | Queue | Villager (Male) |
Build order — Lugof
First 150 of 480 actions detected
| 0:02 | Queue | Villager (Male) ×4 |
| 0:05 | Build | House |
| 0:08 | Build | House |
| 1:29 | Queue | Villager (Male) |
| 1:29 | Queue | Villager (Male) |
| 2:09 | Queue | Villager (Male) |
| 2:14 | Build | Lumber Camp |
| 2:32 | Queue | Villager (Male) |
| 2:32 | Queue | Villager (Male) |
| 2:49 | Queue | Villager (Male) |
| 2:49 | Queue | Villager (Male) |
| 2:49 | Queue | Villager (Male) |
| 3:31 | Build | House |
| 3:34 | Build | House |
| 3:47 | Queue | Villager (Male) |
| 3:47 | Queue | Villager (Male) |
| 4:36 | Queue | Villager (Male) |
| 4:36 | Queue | Villager (Male) |
| 5:22 | Build | Mill |
| 5:27 | Queue | Villager (Male) |
| 5:28 | Queue | Villager (Male) |
| 5:28 | Queue | Villager (Male) |
| 5:28 | Queue | Villager (Male) |
| 6:01 | Queue | Villager (Male) |
| 6:23 | Build | Mining Camp |
| 6:32 | Build | Mining Camp |
| 6:55 | Queue | Villager (Male) |
| 7:12 | Build | Farm |
| 7:26 | Queue | Villager (Male) |
| 7:26 | Queue | Villager (Male) |
| 7:43 | Build | Farm |
| 7:53 | Queue | Villager (Male) |
| 8:41 | Research | Feudal Age |
| 9:30 | Queue | Villager (Male) |
| 9:30 | Queue | Villager (Male) |
| 10:59 | Age | Feudal Age |
| 11:07 | Build | Blacksmith |
| 11:14 | Build | Market |
| 11:46 | Build | Farm |
| 11:53 | Build | Farm |
| 12:02 | Research | Castle Age |
| 12:20 | Research | Horse Collar |
| 12:43 | Research | Double-Bit Axe |
| 12:55 | Build | Mill |
| 13:51 | Build | Farm |
| 13:52 | Build | Farm |
| 13:54 | Build | Farm |
| 14:03 | Queue | Villager (Male) |
| 14:03 | Queue | Villager (Male) |
| 14:42 | Age | Castle Age |
| 14:53 | Build | Castle |
| 15:06 | Build | Town Center |
| 15:24 | Queue | Villager (Male) |
| 15:25 | Queue | Villager (Male) |
| 15:31 | Build | House |
| 15:43 | Build | Siege Workshop |
| 15:47 | Queue | Villager (Male) |
| 15:50 | Research | Heavy Plow |
| 16:36 | Build | House |
| 16:38 | Queue | Villager (Male) |
| 16:40 | Queue | Villager (Male) |
| 16:40 | Queue | Villager (Male) |
| 16:50 | Queue | Villager (Male) |
| 17:05 | Build | House |
| 17:19 | Build | Palisade Gate |
| 17:22 | Queue | Villager (Male) |
| 17:23 | Queue | Villager (Male) |
| 17:26 | Build | Farm |
| 17:29 | Build | Farm |
| 17:40 | Build | Mill |
| 17:50 | Queue | Villager (Male) |
| 17:50 | Queue | Villager (Male) |
| 17:54 | Queue | Villager (Male) |
| 17:54 | Queue | Villager (Male) |
| 18:12 | Build | House |
| 18:24 | Queue | Mangonel |
| 18:26 | Queue | Villager (Male) |
| 18:27 | Research | Loom |
| 18:27 | Queue | Villager (Male) |
| 18:45 | Build | Gate |
| 18:50 | Queue | Villager (Male) |
| 18:51 | Queue | Villager (Male) |
| 19:08 | Queue | Villager (Male) |
| 19:09 | Queue | Villager (Male) |
| 19:19 | Build | Farm |
| 19:27 | Queue | Villager (Male) |
| 19:59 | Queue | Villager (Male) |
| 19:59 | Queue | Villager (Male) |
| 20:03 | Build | Farm |
| 20:03 | Build | Farm |
| 20:04 | Build | Farm |
| 20:05 | Build | Farm |
| 20:09 | Queue | Villager (Male) |
| 20:22 | Build | Palisade Wall |
| 20:24 | Build | Farm |
| 20:25 | Build | Farm |
| 20:29 | Build | Farm |
| 20:30 | Queue | Villager (Male) |
| 20:31 | Queue | Villager (Male) |
| 20:39 | Build | Farm |
| 20:41 | Queue | Villager (Male) |
| 20:43 | Queue | Villager (Male) |
| 20:53 | Build | Barracks |
| 21:01 | Research | Bow Saw |
| 21:04 | Queue | Villager (Male) |
| 21:12 | Queue | Villager (Male) |
| 21:28 | Queue | Villager (Male) |
| 21:28 | Queue | Villager (Male) |
| 21:29 | Queue | Villager (Male) |
| 21:36 | Queue | Mangonel |
| 21:51 | Build | House |
| 21:55 | Queue | Villager (Male) |
| 22:16 | Build | Stable |
| 22:29 | Build | Lumber Camp |
| 22:34 | Research | Szlachta Privileges |
| 22:38 | Research | Scale Barding Armor |
| 22:40 | Queue | Villager (Male) |
| 22:43 | Queue | Villager (Male) |
| 22:53 | Queue | Battering Ram |
| 22:56 | Queue | Knight |
| 22:56 | Queue | Knight |
| 23:32 | Queue | Knight |
| 23:32 | Queue | Knight |
| 23:34 | Build | Stable |
| 23:35 | Build | Stable |
| 23:35 | Build | Stable |
| 23:35 | Build | Stable |
| 23:46 | Build | Farm |
| 23:48 | Build | Farm |
| 23:49 | Queue | Villager (Male) |
| 23:49 | Queue | Villager (Male) |
| 23:50 | Queue | Villager (Male) |
| 23:50 | Queue | Villager (Male) |
| 23:53 | Queue | Knight |
| 24:10 | Queue | Knight |
| 24:11 | Queue | Knight |
| 24:15 | Build | Stable |
| 24:16 | Build | Stable |
| 24:21 | Queue | Villager (Male) |
| 24:26 | Build | Mill |
| 24:31 | Build | House |
| 24:32 | Build | House |
| 24:32 | Build | House |
| 24:40 | Queue | Knight |
| 24:41 | Queue | Knight |
| 24:47 | Build | Farm |
| 24:48 | Build | Farm |
| 24:49 | Build | Farm |
| 24:51 | Queue | Villager (Male) |
| 24:58 | Queue | Knight |
Build order — 956887102
First 150 of 406 actions detected
| 0:01 | Queue | Villager (Male) |
| 0:01 | Queue | Villager (Male) |
| 0:02 | Queue | Villager (Male) |
| 0:04 | Build | House |
| 0:09 | Build | House |
| 0:19 | Queue | Villager (Male) |
| 1:29 | Queue | Villager (Male) |
| 1:45 | Build | Lumber Camp |
| 1:50 | Queue | Villager (Male) |
| 2:26 | Queue | Villager (Male) |
| 2:26 | Queue | Villager (Male) |
| 2:45 | Queue | Villager (Male) |
| 2:45 | Queue | Villager (Male) |
| 3:09 | Queue | Villager (Male) |
| 3:17 | Queue | Villager (Male) |
| 3:26 | Build | House |
| 3:28 | Build | House |
| 4:02 | Queue | Villager (Male) |
| 4:07 | Queue | Villager (Male) |
| 4:11 | Queue | Villager (Male) |
| 4:24 | Build | House |
| 4:47 | Queue | Villager (Male) |
| 4:55 | Queue | Villager (Male) |
| 4:57 | Queue | Villager (Male) |
| 5:12 | Build | Mill |
| 5:16 | Build | Mill |
| 5:28 | Queue | Villager (Male) |
| 5:44 | Queue | Villager (Male) |
| 6:29 | Build | Farm |
| 6:37 | Queue | Villager (Male) |
| 6:56 | Queue | Villager (Male) |
| 7:03 | Build | Farm |
| 7:06 | Queue | Villager (Male) |
| 7:13 | Build | Farm |
| 7:28 | Build | Farm |
| 7:51 | Build | Farm |
| 8:34 | Research | Feudal Age |
| 8:45 | Build | Farm |
| 10:00 | Build | Farm |
| 10:53 | Queue | Villager (Male) |
| 10:56 | Age | Feudal Age |
| 10:59 | Build | Market |
| 11:02 | Build | Blacksmith |
| 11:14 | Research | Horse Collar |
| 11:19 | Queue | Villager (Male) |
| 11:29 | Research | Double-Bit Axe |
| 11:56 | Research | Castle Age |
| 13:53 | Queue | Villager (Male) |
| 14:04 | Build | Farm |
| 14:32 | Queue | Villager (Male) |
| 14:36 | Age | Castle Age |
| 14:41 | Build | Town Center |
| 14:44 | Build | Town Center |
| 14:51 | Research | Bow Saw |
| 15:01 | Research | Heavy Plow |
| 15:07 | Research | Wheelbarrow |
| 15:08 | Queue | Villager (Male) |
| 15:08 | Queue | Villager (Male) |
| 15:21 | Build | House |
| 15:31 | Build | Farm |
| 15:33 | Queue | Villager (Male) |
| 15:44 | Queue | Villager (Male) |
| 15:54 | Queue | Villager (Male) |
| 15:58 | Queue | Villager (Male) |
| 16:03 | Queue | Villager (Male) |
| 16:08 | Build | House |
| 16:11 | Queue | Villager (Male) |
| 16:11 | Queue | Villager (Male) |
| 16:11 | Queue | Villager (Male) |
| 16:14 | Build | Farm |
| 16:14 | Build | Farm |
| 16:14 | Build | Farm |
| 16:15 | Build | Farm |
| 16:15 | Build | Farm |
| 16:15 | Build | Farm |
| 16:20 | Build | House |
| 16:26 | Queue | Villager (Male) ×4 |
| 16:43 | Queue | Villager (Male) |
| 16:56 | Build | House |
| 17:03 | Build | Farm |
| 17:05 | Queue | Villager (Male) |
| 17:09 | Queue | Villager (Male) |
| 17:32 | Build | House |
| 17:34 | Queue | Villager (Male) |
| 17:34 | Queue | Villager (Male) |
| 17:45 | Build | Farm |
| 17:46 | Queue | Villager (Male) ×2 |
| 18:10 | Build | House |
| 18:23 | Queue | Villager (Male) ×3 |
| 18:26 | Build | Town Center |
| 18:27 | Queue | Villager (Male) |
| 18:36 | Queue | Villager (Male) |
| 18:43 | Queue | Villager (Male) |
| 18:50 | Build | House |
| 18:53 | Queue | Villager (Male) |
| 19:06 | Build | Farm |
| 19:08 | Queue | Villager (Male) ×2 |
| 19:14 | Build | Farm |
| 19:14 | Build | Farm |
| 19:14 | Build | Farm |
| 19:15 | Build | Farm |
| 19:16 | Queue | Villager (Male) |
| 19:19 | Build | House |
| 19:24 | Queue | Villager (Male) |
| 19:31 | Queue | Villager (Male) |
| 19:41 | Build | Farm |
| 19:42 | Queue | Villager (Male) |
| 19:47 | Queue | Villager (Male) |
| 20:00 | Build | Town Center |
| 20:02 | Queue | Villager (Male) |
| 20:03 | Queue | Villager (Male) |
| 20:07 | Build | House |
| 20:14 | Queue | Villager (Male) |
| 20:17 | Queue | Villager (Male) |
| 20:24 | Build | Farm |
| 20:28 | Build | Farm |
| 20:28 | Build | Farm |
| 20:28 | Build | Farm |
| 20:30 | Queue | Villager (Male) ×2 |
| 20:35 | Queue | Villager (Male) |
| 20:41 | Build | Farm |
| 20:41 | Build | Farm |
| 20:42 | Build | Farm |
| 20:42 | Build | Farm |
| 20:43 | Queue | Villager (Male) |
| 20:51 | Build | House |
| 20:53 | Build | House |
| 20:54 | Queue | Villager (Male) ×2 |
| 21:03 | Build | Farm |
| 21:04 | Build | Farm |
| 21:04 | Build | Farm |
| 21:04 | Build | Farm |
| 21:04 | Build | Farm |
| 21:07 | Queue | Villager (Male) |
| 21:12 | Build | Farm |
| 21:14 | Build | Farm |
| 21:15 | Queue | Villager (Male) ×2 |
| 21:15 | Queue | Villager (Male) ×2 |
| 21:21 | Build | Farm |
| 21:21 | Build | Farm |
| 21:22 | Build | Farm |
| 21:22 | Build | Farm |
| 21:22 | Build | Farm |
| 21:23 | Queue | Villager (Male) ×2 |
| 21:24 | Queue | Villager (Male) ×2 |
| 21:28 | Queue | Villager (Male) |
| 21:29 | Queue | Villager (Male) |
| 21:32 | Build | Farm |
| 21:36 | Build | Farm |
| 21:37 | Build | Farm |
Build order — 洋洋.
First 150 of 444 actions detected
| 0:01 | Queue | Villager (Male) ×4 |
| 0:05 | Build | House |
| 0:06 | Build | House |
| 1:31 | Queue | Villager (Male) |
| 1:53 | Queue | Villager (Male) |
| 1:54 | Queue | Villager (Male) |
| 1:55 | Build | Lumber Camp |
| 2:20 | Queue | Villager (Male) |
| 2:20 | Queue | Villager (Male) |
| 2:46 | Queue | Villager (Male) |
| 2:48 | Queue | Villager (Male) |
| 3:30 | Build | House |
| 3:38 | Queue | Villager (Male) |
| 3:39 | Queue | Villager (Male) |
| 3:39 | Queue | Villager (Male) |
| 4:06 | Build | House |
| 4:30 | Queue | Villager (Male) |
| 4:31 | Queue | Villager (Male) |
| 4:38 | Queue | Villager (Male) |
| 4:45 | Build | Mill |
| 5:41 | Queue | Villager (Male) |
| 5:41 | Queue | Villager (Male) |
| 6:28 | Queue | Villager (Male) |
| 6:28 | Queue | Villager (Male) |
| 6:37 | Queue | Villager (Male) |
| 6:58 | Build | Farm |
| 7:00 | Build | Farm |
| 7:15 | Queue | Villager (Male) |
| 7:44 | Queue | Villager (Male) |
| 8:10 | Queue | Villager (Male) |
| 8:21 | Research | Feudal Age |
| 8:26 | Build | Mining Camp |
| 8:52 | Queue | Villager (Male) |
| 8:52 | Queue | Villager (Male) |
| 9:08 | Build | House |
| 10:57 | Age | Feudal Age |
| 11:00 | Build | Market |
| 11:03 | Build | Blacksmith |
| 11:49 | Research | Castle Age |
| 11:49 | Research | Castle Age |
| 12:10 | Research | Double-Bit Axe |
| 12:11 | Research | Horse Collar |
| 12:22 | Build | Farm |
| 12:25 | Build | Farm |
| 12:27 | Build | Farm |
| 13:03 | Queue | Villager (Male) |
| 13:10 | Build | House |
| 13:38 | Queue | Villager (Male) |
| 13:39 | Build | Farm |
| 14:29 | Age | Castle Age |
| 14:32 | Build | Town Center |
| 14:34 | Build | Town Center |
| 14:37 | Queue | Villager (Male) |
| 15:10 | Research | Bow Saw |
| 15:15 | Queue | Villager (Male) |
| 15:15 | Queue | Villager (Male) |
| 15:23 | Build | House |
| 15:27 | Build | Farm |
| 15:35 | Research | Heavy Plow |
| 15:39 | Build | Farm |
| 15:47 | Queue | Villager (Male) |
| 15:50 | Build | Farm |
| 15:52 | Queue | Villager (Male) |
| 15:52 | Queue | Villager (Male) |
| 15:57 | Queue | Villager (Male) |
| 15:58 | Queue | Villager (Male) |
| 16:04 | Queue | Villager (Male) |
| 16:06 | Build | Farm |
| 16:10 | Build | House |
| 16:28 | Build | Farm |
| 16:31 | Build | Farm |
| 16:37 | Queue | Villager (Male) |
| 16:39 | Build | Farm |
| 16:41 | Queue | Villager (Male) |
| 16:47 | Build | Farm |
| 16:54 | Queue | Villager (Male) |
| 16:55 | Build | Farm |
| 17:01 | Build | House |
| 17:12 | Build | Farm |
| 17:15 | Queue | Villager (Male) |
| 17:16 | Build | Farm |
| 17:19 | Queue | Villager (Male) |
| 17:29 | Build | Farm |
| 17:34 | Queue | Villager (Male) |
| 17:37 | Build | Farm |
| 17:42 | Queue | Villager (Male) |
| 17:43 | Build | House |
| 17:46 | Build | House |
| 17:52 | Build | House |
| 17:54 | Queue | Villager (Male) |
| 18:04 | Queue | Villager (Male) |
| 18:12 | Queue | Villager (Male) |
| 18:15 | Build | Town Center |
| 18:21 | Queue | Villager (Male) |
| 18:24 | Build | House |
| 18:27 | Queue | Villager (Male) |
| 18:36 | Build | Farm |
| 18:40 | Queue | Villager (Male) |
| 18:45 | Queue | Villager (Male) |
| 18:49 | Build | Farm |
| 18:53 | Queue | Villager (Male) |
| 18:54 | Build | Farm |
| 18:57 | Build | Farm |
| 19:00 | Build | Farm |
| 19:02 | Build | House |
| 19:04 | Queue | Villager (Male) |
| 19:05 | Build | House |
| 19:06 | Build | House |
| 19:13 | Queue | Villager (Male) |
| 19:15 | Build | Farm |
| 19:19 | Queue | Villager (Male) |
| 19:20 | Queue | Villager (Male) |
| 19:26 | Build | Farm |
| 19:27 | Build | Farm |
| 19:28 | Queue | Villager (Male) |
| 19:33 | Build | Farm |
| 19:36 | Build | Farm |
| 19:36 | Queue | Villager (Male) |
| 19:38 | Queue | Villager (Male) |
| 19:49 | Queue | Villager (Male) |
| 19:55 | Queue | Villager (Male) |
| 19:56 | Build | Mining Camp |
| 19:58 | Queue | Villager (Male) |
| 20:07 | Build | Farm |
| 20:14 | Build | House |
| 20:15 | Queue | Villager (Male) ×2 |
| 20:21 | Queue | Villager (Male) |
| 20:23 | Queue | Villager (Male) |
| 20:31 | Queue | Villager (Male) |
| 20:35 | Build | House |
| 20:35 | Build | House |
| 20:40 | Queue | Villager (Male) |
| 20:42 | Queue | Villager (Male) |
| 20:47 | Build | Farm |
| 20:47 | Build | Farm |
| 20:48 | Build | Farm |
| 20:49 | Build | Mill |
| 20:50 | Build | Farm |
| 20:51 | Build | Farm |
| 20:52 | Queue | Villager (Male) ×2 |
| 21:07 | Research | Wheelbarrow |
| 21:11 | Build | Farm |
| 21:12 | Build | Farm |
| 21:13 | Build | Farm |
| 21:14 | Queue | Villager (Male) |
| 21:16 | Queue | Villager (Male) |
| 21:21 | Queue | Villager (Male) |
| 21:27 | Build | Gate |
| 21:29 | Queue | Villager (Male) |
| 21:30 | Queue | Villager (Male) |
Build order — paper tiger
First 150 of 463 actions detected
| 0:00 | Queue | Villager (Male) |
| 0:01 | Queue | Villager (Male) |
| 0:01 | Queue | Villager (Male) |
| 0:02 | Build | House |
| 0:04 | Build | House |
| 0:19 | Queue | Villager (Male) |
| 1:27 | Queue | Villager (Male) |
| 1:27 | Queue | Villager (Male) |
| 1:45 | Build | Lumber Camp |
| 1:51 | Queue | Villager (Male) |
| 1:52 | Queue | Villager (Male) |
| 2:21 | Queue | Villager (Male) |
| 2:21 | Queue | Villager (Male) |
| 2:21 | Queue | Villager (Male) |
| 2:54 | Queue | Villager (Male) |
| 2:54 | Queue | Villager (Male) |
| 2:55 | Queue | Villager (Male) |
| 3:25 | Build | House |
| 3:32 | Queue | Villager (Male) |
| 3:33 | Queue | Villager (Male) |
| 3:37 | Build | House |
| 4:09 | Build | Mill |
| 4:10 | Queue | Villager (Male) |
| 4:10 | Queue | Villager (Male) |
| 4:24 | Build | House |
| 4:33 | Queue | Villager (Male) |
| 4:33 | Queue | Villager (Male) |
| 4:33 | Queue | Villager (Male) |
| 4:34 | Queue | Villager (Male) |
| 5:06 | Queue | Villager (Male) |
| 5:06 | Queue | Villager (Male) |
| 5:44 | Queue | Villager (Male) |
| 5:46 | Queue | Villager (Male) |
| 5:54 | Queue | Villager (Male) |
| 6:11 | Queue | Villager (Male) |
| 6:23 | Queue | Villager (Male) |
| 6:24 | Queue | Villager (Male) |
| 7:23 | Queue | Villager (Male) |
| 7:46 | Queue | Villager (Male) |
| 7:58 | Queue | Villager (Male) |
| 8:03 | Build | Mining Camp |
| 8:42 | Build | Farm |
| 8:47 | Build | Farm |
| 8:52 | Build | Mining Camp |
| 8:57 | Research | Feudal Age |
| 9:13 | Build | Farm |
| 9:53 | Queue | Villager (Male) |
| 9:53 | Queue | Villager (Male) |
| 11:21 | Age | Feudal Age |
| 11:23 | Build | Market |
| 11:26 | Build | Blacksmith |
| 11:48 | Research | Double-Bit Axe |
| 11:49 | Research | Double-Bit Axe |
| 12:15 | Research | Castle Age |
| 12:19 | Build | House |
| 13:07 | Build | Lumber Camp |
| 13:22 | Queue | Villager (Male) |
| 13:22 | Queue | Villager (Male) |
| 13:39 | Research | Horse Collar |
| 14:55 | Age | Castle Age |
| 15:09 | Build | Castle |
| 15:16 | Queue | Villager (Male) |
| 15:17 | Queue | Villager (Male) |
| 15:31 | Build | Farm |
| 15:32 | Build | Farm |
| 15:32 | Build | Farm |
| 15:44 | Research | Bow Saw |
| 15:49 | Queue | Villager (Male) |
| 15:52 | Build | Farm |
| 16:03 | Research | Fletching |
| 16:20 | Build | Siege Workshop |
| 17:02 | Queue | Villager (Male) |
| 17:06 | Research | Loom |
| 17:15 | Build | Farm |
| 17:21 | Build | Farm |
| 17:27 | Research | Gold Mining |
| 17:27 | Research | Gold Mining |
| 17:38 | Queue | Villager (Male) |
| 17:50 | Build | Farm |
| 17:56 | Build | Farm |
| 17:57 | Build | Farm |
| 18:00 | Queue | Villager (Male) |
| 18:00 | Queue | Villager (Male) |
| 18:07 | Queue | Battering Ram |
| 18:13 | Queue | Woad Raider |
| 18:29 | Queue | Battering Ram |
| 18:38 | Build | Farm |
| 18:41 | Queue | Villager (Male) |
| 18:41 | Queue | Villager (Male) |
| 18:42 | Queue | Villager (Male) |
| 18:43 | Queue | Battering Ram |
| 18:50 | Build | Farm |
| 19:10 | Queue | Woad Raider |
| 19:23 | Queue | Battering Ram |
| 19:39 | Queue | Woad Raider |
| 19:54 | Queue | Battering Ram |
| 19:56 | Queue | Villager (Male) |
| 19:57 | Queue | Villager (Male) |
| 19:57 | Queue | Villager (Male) |
| 20:08 | Build | House |
| 20:09 | Build | House |
| 20:17 | Queue | Woad Raider |
| 20:30 | Queue | Woad Raider |
| 20:38 | Queue | Battering Ram |
| 21:16 | Queue | Battering Ram |
| 21:18 | Queue | Woad Raider |
| 21:31 | Queue | Battering Ram |
| 21:34 | Queue | Woad Raider |
| 21:40 | Queue | Villager (Male) |
| 21:41 | Queue | Villager (Male) |
| 21:44 | Queue | Woad Raider |
| 21:54 | Queue | Villager (Male) |
| 22:01 | Build | Outpost |
| 22:08 | Queue | Woad Raider |
| 22:17 | Queue | Villager (Male) |
| 22:21 | Queue | Battering Ram |
| 22:33 | Research | Loom |
| 22:35 | Research | Heavy Plow |
| 22:42 | Build | Farm |
| 22:51 | Research | Scale Mail Armor |
| 22:52 | Research | Scale Mail Armor |
| 23:00 | Queue | Woad Raider |
| 23:00 | Queue | Woad Raider |
| 23:28 | Queue | Woad Raider |
| 23:28 | Queue | Woad Raider |
| 23:28 | Queue | Woad Raider |
| 23:32 | Queue | Battering Ram |
| 23:43 | Queue | Woad Raider |
| 23:46 | Queue | Villager (Male) |
| 24:16 | Queue | Woad Raider |
| 24:17 | Queue | Woad Raider |
| 24:23 | Build | Lumber Camp |
| 24:26 | Queue | Battering Ram |
| 24:28 | Queue | Woad Raider |
| 24:28 | Queue | Woad Raider |
| 25:01 | Queue | Woad Raider |
| 25:02 | Queue | Villager (Male) |
| 25:04 | Build | House |
| 25:06 | Build | House |
| 25:08 | Build | House |
| 25:12 | Build | House |
| 25:13 | Build | House |
| 25:17 | Queue | Woad Raider |
| 25:18 | Queue | Woad Raider |
| 26:42 | Queue | Villager (Male) |
| 26:48 | Queue | Villager (Male) |
| 26:48 | Queue | Villager (Male) |
| 26:51 | Build | Town Center |
| 26:54 | Build | Town Center |
| 26:55 | Queue | Villager (Male) |
Build order — word.exe
First 150 of 247 actions detected
| 0:01 | Queue | Villager (Male) |
| 0:02 | Build | House |
| 0:03 | Build | House |
| 0:03 | Queue | Villager (Male) |
| 0:07 | Queue | Villager (Male) ×2 |
| 1:28 | Queue | Villager (Male) |
| 1:57 | Queue | Villager (Male) |
| 2:18 | Queue | Villager (Male) |
| 2:47 | Queue | Villager (Male) |
| 3:12 | Queue | Villager (Male) |
| 3:12 | Queue | Villager (Male) |
| 3:19 | Queue | Villager (Male) |
| 3:39 | Queue | Villager (Male) |
| 3:50 | Build | House |
| 3:51 | Build | House |
| 4:21 | Build | Lumber Camp |
| 4:47 | Queue | Villager (Male) |
| 4:57 | Queue | Villager (Male) |
| 5:28 | Queue | Villager (Male) |
| 5:45 | Queue | Villager (Male) |
| 6:00 | Queue | Villager (Male) |
| 6:16 | Queue | Villager (Male) |
| 6:28 | Build | Mill |
| 7:07 | Research | Feudal Age |
| 7:16 | Build | Farm |
| 8:03 | Queue | Villager (Male) |
| 8:29 | Queue | Villager (Male) |
| 8:56 | Build | Mining Camp |
| 9:17 | Age | Feudal Age |
| 9:25 | Build | Market |
| 9:32 | Queue | Villager (Male) |
| 10:01 | Build | House |
| 10:11 | Research | Loom |
| 10:24 | Queue | Villager (Male) |
| 10:45 | Build | Blacksmith |
| 10:56 | Queue | Villager (Male) |
| 11:27 | Queue | Villager (Male) |
| 11:41 | Build | Mining Camp |
| 11:54 | Research | Castle Age |
| 12:49 | Build | House |
| 12:50 | Build | House |
| 14:07 | Queue | Villager (Male) |
| 14:18 | Queue | Villager (Male) |
| 14:20 | Research | Double-Bit Axe |
| 14:34 | Age | Castle Age |
| 14:38 | Queue | Villager (Male) |
| 15:03 | Build | Castle |
| 15:10 | Queue | Villager (Male) |
| 15:13 | Build | Farm |
| 15:14 | Build | Farm |
| 15:18 | Build | Farm |
| 15:29 | Build | Lumber Camp |
| 15:49 | Queue | Villager (Male) |
| 15:58 | Build | Mining Camp |
| 16:15 | Queue | Villager (Male) |
| 16:21 | Build | Farm |
| 16:28 | Queue | Villager (Male) |
| 16:39 | Queue | Ratha (Ranged) |
| 16:40 | Queue | Ratha (Ranged) |
| 17:05 | Queue | Ratha (Ranged) |
| 17:19 | Build | Farm |
| 17:22 | Queue | Villager (Male) |
| 17:29 | Build | Siege Workshop |
| 17:37 | Queue | Villager (Male) |
| 17:42 | Build | Farm |
| 17:53 | Build | Farm |
| 18:11 | Queue | Ratha (Ranged) |
| 18:13 | Queue | Ratha (Ranged) |
| 18:15 | Queue | Villager (Male) |
| 18:16 | Queue | Armored Elephant |
| 18:23 | Queue | Ratha (Ranged) |
| 18:24 | Queue | Villager (Male) |
| 18:45 | Queue | Armored Elephant |
| 18:53 | Build | Farm |
| 18:55 | Build | Farm |
| 19:10 | Queue | Petard |
| 19:10 | Queue | Petard |
| 19:39 | Build | Farm |
| 19:40 | Build | Farm |
| 19:41 | Build | Farm |
| 19:44 | Queue | Villager (Male) |
| 19:59 | Queue | Villager (Male) |
| 20:13 | Queue | Petard |
| 20:19 | Queue | Villager (Male) |
| 20:23 | Build | Farm |
| 20:24 | Build | Farm |
| 20:25 | Build | Farm |
| 20:26 | Build | Farm |
| 20:41 | Queue | Armored Elephant |
| 20:47 | Build | Farm |
| 20:52 | Build | Farm |
| 20:53 | Build | Farm |
| 20:57 | Queue | Petard |
| 21:08 | Queue | Petard |
| 21:18 | Queue | Villager (Male) |
| 21:37 | Queue | Petard |
| 21:39 | Queue | Villager (Male) |
| 21:44 | Build | Farm |
| 21:45 | Build | Farm |
| 21:49 | Queue | Ratha (Ranged) |
| 22:05 | Research | Fletching |
| 22:32 | Queue | Villager (Male) |
| 22:35 | Build | House |
| 22:36 | Build | House |
| 22:43 | Queue | Ratha (Ranged) |
| 22:48 | Queue | Armored Elephant |
| 23:13 | Queue | Ratha (Ranged) ×5 |
| 23:27 | Queue | Villager (Male) |
| 23:36 | Queue | Villager (Male) |
| 23:45 | Queue | Villager (Male) |
| 23:50 | Build | Town Center |
| 23:54 | Queue | Villager (Male) |
| 24:03 | Queue | Ratha (Ranged) |
| 24:12 | Queue | Ratha (Ranged) |
| 24:13 | Queue | Villager (Male) |
| 24:14 | Queue | Villager (Male) |
| 24:30 | Queue | Villager (Male) |
| 25:23 | Queue | Ratha (Ranged) |
| 25:39 | Queue | Villager (Male) |
| 25:42 | Queue | Villager (Male) |
| 26:06 | Queue | Villager (Male) |
| 26:06 | Queue | Villager (Male) |
| 26:27 | Research | Imperial Age |
| 26:40 | Queue | Villager (Male) |
| 26:40 | Queue | Villager (Male) |
| 26:48 | Queue | Ratha (Ranged) ×2 |
| 27:17 | Queue | Ratha (Ranged) ×2 |
| 28:24 | Build | Siege Workshop |
| 28:50 | Queue | Villager (Male) |
| 28:50 | Queue | Villager (Male) |
| 28:53 | Build | House |
| 28:55 | Build | House |
| 29:07 | Build | House |
| 29:10 | Build | House |
| 29:19 | Build | Farm |
| 29:23 | Queue | Mangonel |
| 29:26 | Build | House |
| 29:35 | Queue | Villager (Male) ×5 |
| 29:41 | Age | Imperial Age |
| 29:48 | Research | Bow Saw |
| 29:56 | Build | Town Center |
| 30:00 | Build | House |
| 30:17 | Build | Stone Wall |
| 30:18 | Build | Stone Wall |
| 30:18 | Build | Stone Wall |
| 30:30 | Build | Stone Wall |
| 30:33 | Build | Stone Wall |
| 30:35 | Research | Wheelbarrow |
| 30:38 | Build | Farm |
| 30:38 | Build | Farm |
Build order — 泰酷辣HH
First 150 of 417 actions detected
| 0:06 | Queue | Villager (Male) |
| 0:06 | Queue | Villager (Male) |
| 0:07 | Queue | Villager (Male) |
| 0:07 | Queue | Villager (Male) |
| 1:27 | Queue | Villager (Male) |
| 1:57 | Queue | Villager (Male) |
| 1:57 | Queue | Villager (Male) |
| 2:15 | Build | Lumber Camp |
| 2:34 | Queue | Villager (Male) |
| 2:35 | Queue | Villager (Male) |
| 3:06 | Queue | Villager (Male) |
| 3:42 | Queue | Villager (Male) |
| 4:10 | Queue | Villager (Male) |
| 4:10 | Queue | Villager (Male) |
| 4:13 | Queue | Villager (Male) |
| 4:13 | Queue | Villager (Male) |
| 4:31 | Queue | Villager (Male) |
| 4:42 | Queue | Villager (Male) |
| 4:51 | Build | Palisade Wall |
| 4:55 | Build | Palisade Wall |
| 5:39 | Queue | Villager (Male) |
| 5:40 | Queue | Villager (Male) |
| 5:40 | Queue | Villager (Male) |
| 5:56 | Queue | Villager (Male) |
| 5:57 | Queue | Villager (Male) |
| 6:18 | Build | Mill |
| 6:28 | Queue | Villager (Male) |
| 6:29 | Queue | Villager (Male) |
| 7:28 | Queue | Villager (Male) |
| 7:55 | Build | Barracks |
| 8:13 | Research | Feudal Age |
| 8:14 | Research | Feudal Age |
| 9:59 | Queue | Villager (Male) |
| 9:59 | Queue | Villager (Male) |
| 10:36 | Age | Feudal Age |
| 10:38 | Build | Stable |
| 10:41 | Build | Blacksmith |
| 11:24 | Research | Castle Age |
| 11:24 | Research | Castle Age |
| 11:45 | Research | Double-Bit Axe |
| 12:02 | Build | Farm |
| 12:27 | Research | Horse Collar |
| 12:37 | Build | Farm |
| 12:40 | Build | Farm |
| 12:43 | Build | Farm |
| 12:45 | Build | Farm |
| 12:48 | Build | Farm |
| 12:51 | Build | Farm |
| 13:17 | Queue | Scout Cavalry |
| 13:39 | Queue | Scout Cavalry |
| 14:03 | Queue | Villager (Male) |
| 14:06 | Age | Castle Age |
| 14:15 | Build | Town Center |
| 14:25 | Build | Town Center |
| 14:29 | Queue | Scout Cavalry |
| 15:03 | Queue | Villager (Male) |
| 15:13 | Queue | Villager (Male) |
| 15:39 | Queue | Villager (Male) |
| 15:46 | Build | Farm |
| 15:46 | Build | Farm |
| 15:47 | Build | Farm |
| 15:49 | Build | Farm |
| 16:12 | Queue | Villager (Male) |
| 16:13 | Queue | Villager (Male) |
| 16:18 | Queue | Villager (Male) |
| 16:18 | Queue | Villager (Male) |
| 16:19 | Queue | Villager (Male) |
| 16:24 | Build | Monastery |
| 16:26 | Queue | Villager (Male) |
| 16:26 | Queue | Villager (Male) |
| 16:37 | Build | Farm |
| 16:43 | Build | Farm |
| 16:46 | Build | Farm |
| 16:47 | Queue | Villager (Male) |
| 16:48 | Queue | Villager (Male) |
| 17:04 | Queue | Villager (Male) |
| 17:05 | Queue | Villager (Male) |
| 17:11 | Build | Farm |
| 17:14 | Build | Farm |
| 17:15 | Queue | Villager (Male) |
| 17:21 | Build | Farm |
| 17:26 | Build | Farm |
| 17:32 | Queue | Villager (Male) |
| 17:36 | Build | Farm |
| 17:37 | Queue | Villager (Male) |
| 17:57 | Queue | Villager (Male) |
| 18:02 | Queue | Villager (Male) |
| 18:02 | Queue | Villager (Male) |
| 18:08 | Queue | Villager (Male) |
| 18:08 | Queue | Villager (Male) |
| 18:16 | Build | Town Center |
| 18:29 | Queue | Monk |
| 18:31 | Queue | Villager (Male) |
| 18:32 | Queue | Villager (Male) |
| 18:40 | Queue | Villager (Male) |
| 18:40 | Queue | Villager (Male) |
| 18:55 | Queue | Villager (Male) |
| 19:04 | Queue | Villager (Male) |
| 19:06 | Queue | Villager (Male) |
| 19:27 | Queue | Villager (Male) |
| 19:27 | Queue | Villager (Male) |
| 19:29 | Queue | Villager (Male) |
| 19:33 | Build | Farm |
| 19:33 | Build | Farm |
| 19:34 | Build | Farm |
| 19:35 | Queue | Villager (Male) |
| 19:39 | Queue | Monk |
| 19:42 | Queue | Villager (Male) |
| 19:42 | Queue | Villager (Male) |
| 19:45 | Build | Town Center |
| 19:57 | Build | Farm |
| 19:58 | Queue | Villager (Male) |
| 20:06 | Queue | Villager (Male) |
| 20:11 | Build | Farm |
| 20:15 | Queue | Villager (Male) |
| 20:17 | Build | Farm |
| 20:22 | Queue | Villager (Male) |
| 20:30 | Queue | Villager (Male) |
| 20:37 | Build | Farm |
| 20:39 | Queue | Villager (Male) |
| 20:47 | Queue | Villager (Male) |
| 20:50 | Queue | Villager (Male) |
| 20:50 | Queue | Villager (Male) |
| 20:58 | Build | Farm |
| 20:58 | Build | Farm |
| 20:58 | Build | Farm |
| 21:06 | Build | Farm |
| 21:07 | Queue | Villager (Male) |
| 21:08 | Queue | Villager (Male) |
| 21:08 | Queue | Villager (Male) |
| 21:08 | Queue | Villager (Male) |
| 21:13 | Queue | Villager (Male) |
| 21:22 | Build | Farm |
| 21:25 | Build | Farm |
| 21:26 | Queue | Villager (Male) |
| 21:28 | Build | Farm |
| 21:45 | Queue | Villager (Male) |
| 21:45 | Queue | Villager (Male) |
| 21:45 | Queue | Villager (Male) |
| 21:46 | Queue | Villager (Male) |
| 21:47 | Build | Farm |
| 21:56 | Queue | Villager (Male) |
| 21:56 | Queue | Villager (Male) |
| 21:59 | Queue | Villager (Male) |
| 22:03 | Build | Market |
| 22:11 | Build | Farm |
| 22:13 | Queue | Villager (Male) |
| 22:13 | Queue | Villager (Male) |
| 22:17 | Queue | Villager (Male) |
| 22:17 | Queue | Villager (Male) |
Match timeline
| 4:51 | 泰酷辣HH · wall_segment Palisade Wall x1 |
| 4:55 | 泰酷辣HH · wall_segment Palisade Wall x1 |
| 7:55 | 泰酷辣HH · first_building Barracks |
| 9:17 | word.exe · age_up feudal |
| 10:36 | 泰酷辣HH · age_up feudal |
| 10:38 | 泰酷辣HH · first_building Stable |
| 10:56 | 忘忧 · age_up feudal |
| 10:56 | 956887102 · age_up feudal |
| 10:57 | 洋洋. · age_up feudal |
| 10:59 | Lugof · age_up feudal |
| 11:09 | 木林 · age_up feudal |
| 11:21 | paper tiger · age_up feudal |
| 11:54 | 956887102 · first_market_sell 100 food |
| 14:06 | 泰酷辣HH · age_up castle |
| 14:29 | 洋洋. · age_up castle |
| 14:33 | 忘忧 · age_up castle |
| 14:34 | word.exe · age_up castle |
| 14:36 | 956887102 · age_up castle |
| 14:36 | 忘忧 · first_building Castle |
| 14:41 | 木林 · age_up castle |
| 14:42 | Lugof · age_up castle |
| 14:48 | 忘忧 · wall_segment Palisade Wall x1 |
| 14:53 | Lugof · first_building Castle |
| 14:55 | paper tiger · age_up castle |
| 15:03 | word.exe · first_building Castle |
| 15:09 | paper tiger · first_building Castle |
| 15:20 | 忘忧 · wall_segment Palisade Wall x1 |
| 15:32 | 忘忧 · wall_segment Palisade Wall x1 |
| 15:33 | 忘忧 · wall_segment Palisade Wall x1 |
| 15:43 | Lugof · first_building Siege Workshop |
| 16:02 | paper tiger · first_market_buy 100 food |
| 16:06 | 忘忧 · wall_segment Palisade Wall x1 |
| 16:20 | paper tiger · first_building Siege Workshop |
| 16:24 | 泰酷辣HH · first_building Monastery |
| 17:29 | word.exe · first_building Siege Workshop |
| 18:03 | 忘忧 · first_market_buy 100 wood |
| 18:05 | 忘忧 · first_building Siege Workshop |
| 19:16 | 木林 · first_building Monastery |
| 19:29 | 忘忧 · wall_segment Palisade Wall x1 |
| 20:04 | 忘忧 · age_up imperial |
| 20:12 | 忘忧 · wall_segment Stone Wall x1 |
| 20:13 | 忘忧 · wall_segment Stone Wall x1 |
| 20:22 | Lugof · wall_segment Palisade Wall x1 |
| 20:53 | Lugof · first_building Barracks |
| 22:13 | 洋洋. · first_building Siege Workshop |
| 22:16 | Lugof · first_building Stable |
| 22:47 | 洋洋. · first_building Castle |
| 22:51 | 泰酷辣HH · first_market_buy 100 food |
| 23:04 | 泰酷辣HH · first_building Siege Workshop |
| 23:22 | 956887102 · wall_segment Palisade Wall x1 |
| 23:23 | 956887102 · wall_segment Palisade Wall x3 |
| 23:37 | 956887102 · first_building Siege Workshop |
| 23:45 | Lugof · first_market_buy 100 wood |
| 24:00 | 木林 · first_building Barracks |
| 24:29 | 洋洋. · first_building Barracks |
| 25:03 | 忘忧 · wall_segment Stone Wall x1 |
| 25:04 | 956887102 · first_building Castle |
| 25:59 | 洋洋. · wall_segment Palisade Wall x1 |
| 26:06 | 洋洋. · wall_segment Stone Wall x1 |
| 26:20 | 泰酷辣HH · first_building Castle |
| 26:24 | 956887102 · first_market_buy 100 stone |
| 26:36 | 洋洋. · first_market_buy 100 wood |
| 27:02 | 956887102 · first_building Barracks |
| 27:02 | 木林 · first_building Castle |
| 27:28 | 洋洋. · age_up imperial |
| 27:45 | 956887102 · first_building Archery Range |
| 28:22 | word.exe · first_market_buy 100 wood |
| 28:34 | 洋洋. · wall_segment Stone Wall x1 |
| 28:36 | 洋洋. · wall_segment Stone Wall x1 |
| 28:37 | 洋洋. · wall_segment Stone Wall x1 |
| 28:41 | 洋洋. · wall_segment Stone Wall x1 |
| 28:42 | 洋洋. · wall_segment Stone Wall x1 |
| 28:42 | 956887102 · first_building Stable |
| 28:45 | 956887102 · age_up imperial |
| 28:58 | 忘忧 · wall_segment Stone Wall x4 |
| 29:33 | 泰酷辣HH · first_market_sell 100 food |
| 29:37 | 木林 · age_up imperial |
| 29:41 | word.exe · age_up imperial |
| 29:44 | 泰酷辣HH · first_building Archery Range |
| 29:53 | 洋洋. · first_market_sell 100 food |
| 30:17 | word.exe · wall_segment Stone Wall x1 |
| 30:18 | word.exe · wall_segment Stone Wall x1 |
| 30:18 | word.exe · wall_segment Stone Wall x1 |
| 30:30 | word.exe · wall_segment Stone Wall x1 |
| 30:33 | word.exe · wall_segment Stone Wall x1 |
| 31:19 | word.exe · first_building Barracks |
| 32:45 | 956887102 · tribute_sent a jugador 1 |
| 32:45 | 956887102 · tribute_sent a jugador 2 |
| 32:45 | 956887102 · tribute_sent a jugador 4 |
| 32:45 | 956887102 · tribute_sent a jugador 5 |
| 32:45 | 956887102 · tribute_sent a jugador 6 |
| 32:45 | 956887102 · tribute_sent a jugador 7 |
| 32:45 | 956887102 · tribute_sent a jugador 8 |
| 32:46 | word.exe · first_building Archery Range |
| 32:54 | Lugof · first_market_sell 100 food |
| 33:00 | 泰酷辣HH · age_up imperial |
| 33:00 | 忘忧 · wall_segment Stone Wall x1 |
| 33:01 | 忘忧 · wall_segment Stone Wall x1 |
| 33:31 | 忘忧 · wall_segment Stone Wall x1 |
| 34:22 | paper tiger · wall_segment Palisade Wall x1 |
| 35:26 | paper tiger · first_market_sell 100 wood |
| 35:29 | 洋洋. · first_building Archery Range |
| 35:41 | paper tiger · first_building Barracks |
| 36:07 | Lugof · age_up imperial |
| 36:37 | paper tiger · wall_segment Stone Wall x4 |
| 37:21 | 956887102 · tribute_sent a jugador 1 |
| 37:21 | 956887102 · tribute_sent a jugador 2 |
| 37:21 | 956887102 · tribute_sent a jugador 4 |
| 37:21 | 956887102 · tribute_sent a jugador 5 |
| 37:21 | 956887102 · tribute_sent a jugador 6 |
| 37:21 | 956887102 · tribute_sent a jugador 7 |
| 37:21 | 956887102 · tribute_sent a jugador 8 |
| 37:38 | 木林 · first_market_buy 100 stone |
| 38:40 | paper tiger · age_up imperial |
| 39:55 | 泰酷辣HH · tribute_sent a jugador 1 |
| 39:55 | 泰酷辣HH · tribute_sent a jugador 2 |
| 39:55 | 泰酷辣HH · tribute_sent a jugador 3 |
| 39:55 | 泰酷辣HH · tribute_sent a jugador 4 |
| 39:55 | 泰酷辣HH · tribute_sent a jugador 5 |
| 39:55 | 泰酷辣HH · tribute_sent a jugador 6 |
| 39:55 | 泰酷辣HH · tribute_sent a jugador 7 |
| 40:39 | word.exe · first_market_sell 500 wood |
| 41:13 | Lugof · first_building Archery Range |
| 42:30 | 忘忧 · wall_segment Stone Wall x7 |
| 42:31 | 忘忧 · wall_segment Stone Wall x1 |
| 44:08 | 洋洋. · resign |
[ AI ANALYSIS · 1 CREDIT ]
What really happened in this match?
Wolo.gg analyzes every decision: build order, eco, micro, common mistakes by bracket. Personalized analysis on WhatsApp or Discord in 30 seconds.
Civ guide
Byzantines
Perfil
Jugador #24750329